 Dungeon Crawl Stone Soup version 0.32-a0-656-g3542139ebd (webtiles) character file.

Game seed: 8844917213974199134

9665 BubbleThief the Skirmisher (level 11, -9/89 HPs)
             Began as a Coglin Hunter on Mar 8, 2024.
             Was a High Priest of Okawaru.
             Mangled by a yak (18 damage)
             ... on level 10 of the Dungeon.
             The game lasted 00:16:35 (9752 turns).

BubbleThief the Skirmisher (Coglin Hunter)          Turns: 9752, Time: 00:16:36

Health: -9/89      AC:  6    Str: 11    XL:     11   Next: 50%
Magic:  11/11      EV: 15    Int:  9    God:    Okawaru [*****.]
Gold:   74         SH:  0    Dex: 27    Spells: 10/10 levels left

rFire   . . .        a - +2 sling {Yan}
rCold   + + .        d - +0 sling {Kiyoto}
rNeg    . . .        H - +0 robe "Vapegud" {rC+ Regen+ Dex+5}
rPois   .            k - +2 helmet
rElec   .            (no cloak)
rCorr   +            b - +0 pair of gloves of Ceateow {Harm rC+ rCorr}
SInv    .            (no boots)
Will    .....        (amulet unavailable)
Stlth   ++           (ring unavailable)
HPRegen 1.14/turn    (ring unavailable)
MPRegen 0.12/turn    (no gizmo)

%: harm (+30% outgoing, +20% incoming)
@: revved
A: off-hand wielding, slow wielding, warmup strikes, no jewellery
a: Invent Gizmo, Renounce Religion, Heroism, Finesse, Duel


You were on level 10 of the Dungeon.
You worshipped Okawaru.
Okawaru was extremely pleased with you.
You visited 3 branches of the dungeon, and saw 12 of its levels.

You collected 639 gold pieces.
You spent 565 gold pieces at shops.

Inventory:

Hand Weapons
 a - a +2 sling (weapon) {Yan}
 d - a +0 sling (offhand) {Kiyoto}
Missiles
 v - 5 throwing nets
Armour
 b - the +0 pair of gloves of Ceateow (worn) {Harm rC+ rCorr}
   (You bought it in a shop on level 5 of the Dungeon)

   rC+:       It protects you from cold.
   rCorr:     It protects you from acid and corrosion.
   Harm:      It increases damage dealt and taken.
 k - a +2 helmet (worn)
 H - the +0 robe "Vapegud" (worn) {rC+ Regen+ Dex+5}
   (You bought it in a shop on level 5 of the Dungeon)

   Dex+5:     It affects your dexterity (+5).
   rC+:       It protects you from cold.
   Regen+:    It increases your rate of health regeneration.
Wands
 r - a wand of iceblast (5)
 s - a wand of mindburst (29)
 y - a wand of digging (2)
 C - a wand of paralysis (6)
Scrolls
 f - 4 scrolls of teleportation
 g - 6 scrolls of identify
 h - a scroll of noise {unknown}
 i - a scroll of immolation {unknown}
 l - 2 scrolls of enchant weapon {unknown}
 n - a scroll of enchant armour {unknown}
 q - a scroll of amnesia {unknown}
 w - a scroll of fog {unknown}
 A - a scroll of vulnerability {unknown}
 F - 3 scrolls of silence {unknown}
Potions
 c - 5 potions of attraction
 e - 7 potions of curing {unknown}
 j - 6 potions of heal wounds {unknown}
 m - 2 potions of mutation {unknown}
 o - 2 potions of enlightenment {unknown}
 p - a potion of haste {unknown}
 t - 2 potions of cancellation {unknown}
 x - 2 potions of resistance {unknown}
 B - a potion of magic {unknown}
 D - a potion of lignification {unknown}
 E - a potion of might {unknown}


   Skills:
 + Level 9.1 Fighting
 - Level 14.0 Ranged Weapons
 + Level 4.1 Dodging
 - Level 0.7 Stealth


You had 10 spell levels left.
You didn't know any spells.
Your spell library contained the following spells:

 Spells                   Type           Power      Damage    Failure   Level
 Magic Dart               Conj           0%         1d3       38%         1
 Mercury Vapours          Alch/Air       0%         N/A       52%         2
 Searing Ray              Conj           0%         2d4       52%         2
 Mephitic Cloud           Conj/Alch/Air  0%         N/A       77%         3
 Brom's Barrelling Bould  Conj/Erth      0%         2d3       99%         4
 Fulminant Prism          Conj/Alch      0%         3d5       99%         4
 Manifold Assault         Tloc           0%         N/A       99%         4
 Borgnjor's Vile Clutch   Necr/Erth      0%         N/A       100%        5
 Fireball                 Conj/Fire      0%         3d3       100%        5
 Freezing Cloud           Conj/Ice/Air   0%         6-21      100%        5
 Iskenderun's Battlesphe  Conj           0%         2d6       100%        5
 Conjure Ball Lightning   Conj/Air       0%         3x3d6     100%        6
 Dispersal                Tloc           0%         N/A       100%        6
 Orb of Destruction       Conj           0%         9d5       100%        7
 Disjunction              Tloc           0%         N/A       100%        8
 Animate Dead             Necr           Unusable   N/A       N/A         4
 Death Channel            Necr           Unusable   N/A       N/A         6

Dungeon Overview and Level Annotations

Branches:
Dungeon (10/15)            Temple (1/1) D:6            Lair (1/5) D:10
    Orc: D:9-12

Altars:
Ashenzari
Cheibriados
Dithmenos
Elyvilon
Fedhas
Gozag
Hepliaklqana
Kikubaaqudgha
Nemelex Xobeh
Okawaru
Qazlal
Ru
Sif Muna
Trog
Uskayaw
Vehumet
Wu Jian
Xom
Yredelemnul
Zin
The Shining One

Shops:
D:5 =[[:   D:6 :   D:8 *


Innate Abilities, Weirdness & Mutations

You can wield a second weapon in your off-hand.
It takes a long time for you to wield or remove held weapons.
Your first few attacks do less damage.
You cannot equip rings or amulets.


Message History

You shoot a sling bullet. The sling bullet hits the yak.
The yak is heavily wounded.
You shoot a sling bullet. The sling bullet hits the yak.
The yak is heavily wounded.
The yak gores you but does no damage. The yak misses you. The yak gores you.
Unknown command.
Fire: a) +2 sling {Yan}
Press: ? - help, Shift-Dir - straight line, f/p - yak
Aim: a yak (heavily wounded, 81% to hit)
You shoot a sling bullet. The sling bullet barely misses the yak.
You shoot a sling bullet. The sling bullet hits the yak.
The yak is severely wounded.
Unknown command.
Unknown command.
Fire: a) +2 sling {Yan}
Press: ? - help, Shift-Dir - straight line, f/p - yak
Aim: a yak (severely wounded, 81% to hit)
You shoot a sling bullet.
The sling bullet hits the yak but does no damage.
The yak is severely wounded.
You shoot a sling bullet. The sling bullet hits the yak.
The yak is severely wounded.
The yak closely misses you. The yak misses you. The yak closely misses you.
Fire: a) +2 sling {Yan}
Press: ? - help, Shift-Dir - straight line, f/p - yak
Aim: a yak (severely wounded, 81% to hit)
You shoot a sling bullet. The sling bullet barely misses the yak.
You shoot a sling bullet. The sling bullet hits the yak.
The yak is almost dead.
The yak gores you.
* * * LOW HITPOINT WARNING * * *
The yak gores you.
* * * LOW HITPOINT WARNING * * *
The yak gores you!
* * * LOW HITPOINT WARNING * * *
As you read the scroll labelled KOAPTULOMM, it crumbles to dust.
It is a scroll of identify.
c - 5 potions of attraction The yak gores you!
You die...

####### ######
######### # ##....#
#..#.# ####
#..########.####..#
###[..##.#....#.###.
##.'##...###...#.....
#..###.#......÷.÷....
##.###...=........÷.#
#.###Y..##....#...###
###Y@YY##.###..####
######### ##.# ###


You could see 4 yaks.

Vanquished Creatures
  Harold (D:9)
  A two-headed ogre (D:9)
  Pikel (D:9)
  2 komodo dragons (D:10)
  2 hornets (D:9)
  A troll (D:10)
  Sigmund (D:6)
  A wraith (D:9)
  2 shadows
  5 yaks (D:8)
  2 steam dragons (D:10)
  5 wyverns
  2 basilisks (D:10)
  2 acid dragons
  Duvessa (D:6)
  3 ice beasts
  2 orc warriors (D:8)
  2 black bears (D:6)
  8 wolves (D:10)
  5 ogres
  5 centaurs
  A lemure (D:9)
  2 phantoms
  3 bullfrogs
  A scorpion (D:4)
  3 wights (D:8)
  Dowan (D:6)
  8 howler monkeys
  2 hounds
  2 orc priests
  2 gnoll boudas
  Ijyb (D:3)
  An iguana (D:5)
  Natasha (thrice) (D:3)
  9 orc wizards
  Terence (D:3)
  Robin (D:4)
  11 gnolls
  10 adders
  2 shadow imps
  2 white imps
  4 ufetubi (D:6)
  2 ribbon worms
  2 dart slugs
  22 orcs
  4 ball pythons
  5 bats
  9 endoplasms
  5 giant cockroaches
  12 goblins
  11 hobgoblins
  11 jackals
  2 kobolds
  4 frilled lizards
  5 rats
218 creatures vanquished.

Notes
Turn   | Place    | Note
-------+----------+-------------------------------------------
     0 | D:1      | BubbleThief the Coglin Hunter began the quest for the Orb.
     0 | D:1      | Reached XP level 1. HP: 16/16 MP: 1/1
   117 | D:1      | Reached skill level 4 in Ranged Weapons
   117 | D:1      | Reached XP level 2. HP: 7/22 MP: 2/2
   317 | D:1      | Reached XP level 3. HP: 27/27 MP: 3/3
   929 | D:2      | Found a faded altar of an unknown god.
   984 | D:2      | Reached skill level 5 in Ranged Weapons
   984 | D:2      | Reached XP level 4. HP: 33/33 MP: 4/4
  1600 | D:3      | Noticed an ogre
  1606 | D:3      | Killed an ogre
  1607 | D:3      | Reached skill level 6 in Ranged Weapons
  1607 | D:3      | Reached XP level 5. HP: 24/38 MP: 5/5
  2060 | D:3      | Noticed Terence
  2072 | D:3      | Killed Terence
  2072 | D:3      | Noticed Ijyb
  2073 | D:3      | Reached XP level 6. HP: 38/44 MP: 6/6
  2079 | D:3      | Killed Ijyb
  2327 | D:3      | Noticed Natasha
  2332 | D:3      | Killed Natasha
  2337 | D:3      | Noticed Natasha
  2341 | D:3      | Killed Natasha
  2554 | D:4      | Reached skill level 7 in Ranged Weapons
  2563 | D:4      | HP: 2/44 [poisoned by a scorpion]
  2651 | D:3      | Noticed Natasha
  2655 | D:3      | Killed Natasha
  2847 | D:3      | Reached XP level 7. HP: 47/50 MP: 7/7
  2948 | D:4      | Noticed Robin
  2960 | D:4      | Killed Robin
  3042 | D:4      | Reached skill level 8 in Ranged Weapons
  3265 | D:4      | Found a hazy altar of Hepliaklqana.
  3265 | D:4      | Found a radiant altar of Vehumet.
  3266 | D:4      | Found a broken altar of Ashenzari.
  3362 | D:5      | Entered Level 5 of the Dungeon
  3469 | D:5      | Found Machav's Jewellery Boutique.
  3513 | D:5      | Found a shadowy altar of Dithmenos.
  3580 | D:5      | Reached XP level 8. HP: 37/56 MP: 8/8
  3666 | D:5      | Found Jeucrug's Armour Shop.
  3669 | D:5      | Found Teolaeh's Armour Boutique.
  3680 | D:5      | Found Renazol's Book Emporium.
  3688 | D:5      | Reached skill level 9 in Ranged Weapons
  3717 | D:5      | Found the +7 staff of the Meek {protect, meekguard}
  3970 | D:5      | Found an iron altar of Okawaru.
  4115 | D:6      | Found a staircase to the Ecumenical Temple.
  4126 | D:6      | Noticed Dowan
  4141 | D:6      | Found an opulent altar of Gozag.
  4187 | Temple   | Entered the Ecumenical Temple
  4269 | D:5      | Became a worshipper of Warmaster Okawaru
  4378 | D:6      | Reached skill level 10 in Ranged Weapons
  4525 | D:6      | Noticed Sigmund
  4540 | D:6      | Killed Sigmund
  4540 | D:6      | Reached * piety under Okawaru
  4593 | D:6      | Found Faafe's Tremendous Tomes.
  4598 | D:6      | Reached skill level 11 in Ranged Weapons
  4598 | D:6      | Reached XP level 9. HP: 61/61 MP: 9/9
  4753 | D:6      | Noticed Duvessa
  4759 | D:6      | Killed Duvessa
  4767 | D:6      | Killed Dowan
  5227 | D:7      | Reached ** piety under Okawaru
  5303 | D:7      | Reached skill level 12 in Ranged Weapons
  5335 | D:7      | Noticed a boulder beetle
  5996 | D:8      | Found Akijuoc's General Store.
  6215 | D:8      | Reached XP level 10. HP: 64/71 MP: 10/10
  6218 | D:8      | Reached *** piety under Okawaru
  6554 | D:8      | Reached skill level 5 in Fighting
  6554 | D:8      | Reached skill level 13 in Ranged Weapons
  6969 | D:9      | Noticed Pikel
  7024 | D:9      | Paralysed by a hornet for 1 turns
  7029 | D:9      | Reached **** piety under Okawaru
  7224 | D:9      | Found a hide-covered altar of Uskayaw.
  7225 | D:9      | Found a bloodstained altar of Trog.
  7226 | D:9      | Found a shimmering altar of Xom.
  7227 | D:9      | Found an ancient bone altar of Kikubaaqudgha.
  7331 | D:9      | Killed Pikel
  7605 | D:9      | Noticed Harold
  7622 | D:9      | Killed Harold
  7633 | D:9      | Noticed a two-headed ogre
  7641 | D:9      | Killed a two-headed ogre
  7642 | D:9      | Reached XP level 11. HP: 73/85 MP: 11/11
  7967 | D:10     | Entered Level 10 of the Dungeon
  8022 | D:10     | Reached skill level 14 in Ranged Weapons
  8342 | D:10     | Reached ***** piety under Okawaru
  8481 | D:10     | Identified the +3 ring mail "Qavaonu" {rC- Dex+2 Stlth+}
  8502 | D:10     | Found a staircase to the Lair.
  8507 | D:10     | Identified the ring "Tafraqag" {rC+ rCorr Stlth+}
  9432 | D:5      | Bought the +0 robe "Vapegud" {rC+ Regen+ Dex+5} for 252
                  | gold pieces
  9448 | D:5      | Bought the +0 pair of gloves of Ceateow {Harm rC+ rCorr}
                  | for 313 gold pieces
  9608 | Lair:1   | Entered Level 1 of the Lair of Beasts
  9752 | D:10     | Mangled by a yak

Illustrated notes

Levels and vault maps discovered:
D:1:      onia_arrival_mini_spirals, layout_basic, minmay_misc_feat_rows
D:2:      layout_basic, shapermc_ecumenical_altar_flowoftime
D:3:      layout_basic, uniq_terence, uniq_natasha, uniq_ijyb
D:4:      layout_cave_pools, gammafunk_temple_overflow_claw, uniq_robin
D:5:      layout_rooms, okawaru_ov_weapons_minmay,
          nicolae_dithmenos_shadow_blocks, serial_shops, nicolae_shop_crystal,
          nicolae_take_the_stairs, shop, shop
D:6:      layout_rooms, grunt_gozag_statues, minmay_temple_entry_statues,
          nicolae_shop_i_like_big_books, uniq_sigmund, uniq_duvessa
D:7:      minmay_the_grid_triangle_9x9_recursive_2
          [minmay_the_grid_triangle_9x9_prize_insulated,
          minmay_the_grid_triangle_9x9_cache,
          minmay_the_grid_triangle_9x9_longest,
          minmay_the_grid_triangle_9x9_from_above], layout_loops_ring,
          makhleb_heckhound_becter
D:8:      layout_loops_corners, serial_shops, shop
D:9:      layout_irregular_city, chequers_temple_overflow_statue_of_worship,
          uniq_harold, uniq_pikel
D:10:     layout_basic, erik_lair_dragon
Temple:   nicolae_temple_bog_church
Lair:1:   layout_cave_shapes, grunt_forest_small_clearings, beast_lair_carwin_2,
          grunt_megastairs_2, lemuel_fruit_tree

Skill      XL: |  1  2  3  4  5  6  7  8  9 10 11 |
---------------+----------------------------------+-----
Ranged Weapons | 4 5 6 7 8 11 12 13 14 | 14.0
Fighting       | 3 7 9 |  9.1
Dodging        | 4 |  4.1
Stealth        | |  0.7

Action                     |  1- 3 |  4- 6 |  7- 9 | 10-12 || total
---------------------------+-------+-------+-------+-------++-------
   Fire: Sling             |   118 |   274 |   736 |   572 ||  1700
 Invoke: Heroism           |       |       |       |     1 ||     1
    Use: Scroll            |       |       |     1 |     1 ||     2
 Armour: Leather armour    |    10 |    40 |    72 |       ||   122
         Robe              |       |       |    39 |   110 ||   149
         Ring mail         |       |       |       |    12 ||    12
  Dodge: Dodged            |     4 |    30 |    90 |   116 ||   240

Table legend: (Time is in decaauts)
 A = Elapsed time spent in this place.
 B = Non-inter-level travel time spent in this place.
 C = Inter-level travel time spent in this place.
 D = Time resting spent in this place.
 E = Time spent auto-exploring this place.
 F = Levels seen in this place.
 G = Mean time per level.
                   A        B        C        D        E       F      G
               +--------+--------+--------+--------+--------+-----+--------+
         Total |   9697 |   9113 |    584 |    653 |   7012 |  12 |  808.1 |
       Dungeon |   9686 |   9102 |    584 |    653 |   7012 |  10 |  968.6 |
        Temple |      1 |      1 |      0 |      0 |      0 |   1 |    1.0 |
          Lair |      9 |      9 |      0 |      0 |      0 |   1 |    9.0 |
               +--------+--------+--------+--------+--------+-----+--------+

Top non-repeatable levels by time:
    D:10: 1429 daAuts
     D:3: 1280 daAuts
     D:9: 1196 daAuts
     D:8: 1194 daAuts
     D:5: 977 daAuts
     D:1: 861 daAuts
     D:6: 840 daAuts
     D:2: 683 daAuts
     D:7: 645 daAuts
     D:4: 576 daAuts
  Lair:1: 9 daAuts
  Temple: 1 daAuts
